Map: Abyssal Reef LE

Players

Judiasmon - Winner!

  • Race: Zerg Zerg
  • League: Gold
  • Spawn Location: 5:00

HeLsReCoiL

  • Race: Terran Terran
  • League: Platinum
  • Spawn Location: 11:00

VOD

Have the link to the VOD?

Description

Time

  • Played on: Oct. 26, 2017, 7:06 p.m.
  • Length: 15:30
Show
View Real Time Build Order
Export as new Build Order

Judiasmon Zerg - Winner!

Build Orders: Hatch First 

Get SALT Encoding   

  12  0:08  Overlord  
  12  0:14  Drone  
  12  0:19  Drone  
  14  0:27  Drone  
  15  0:31  Drone  
  16  0:42  Drone  
  17  0:57  Hatchery  
  17  0:58  Drone  
  17  1:07  Drone  
  18  1:16  Spawning Pool  
  17  1:18  Drone  
  17  1:22  Extractor  
  17  1:25  Drone  
  18  1:35  Drone  
  19  1:48  Drone  
  20  1:57  Overlord  
  20  2:03  Queen  
  22  2:10  Drone  
  22  2:11  Drone  
  22  2:12  Queen  
  26  2:18  Roach Warren  
  26  2:19  Drone  
  26  2:22  Drone  
  27  2:32  Zergling x4  
  27  2:34  Metabolic Boost  
  29  2:40  Drone  
  29  2:43  Drone  
  31  2:51  Drone  
  31  2:53  Overlord  
  32  3:04  Evolution Chamber  
  31  3:06  Drone  
  31  3:07  Drone  
  33  3:13  Roach  
  33  3:15  Roach  
  33  3:18  Roach x3  
  43  3:24  Overlord  
  43  3:29  Zergling x2  
  44  3:45  Zergling x4, Roach  
  44  3:46  Zergling x4  
  44  3:48  Zergling x2  
  51  3:57  Overlord  
  51  3:58  Zergling x2  
  52  4:15  Zergling x10  
  52  4:16  Zergling x4  
  59  4:17  Overlord  
  59  4:22  Drone  
  60  4:35  Zergling x6  
  60  4:36  Zergling x2  
  64  4:43  Zergling x2  
  65  4:58  Zergling x14  
  65  4:59  Zergling x2  
  64  5:07  Zergling x4  
  49  5:20  Zergling x4  
  44  5:29  Drone  
  44  5:31  Zergling x2  
  43  5:39  Zerg Melee Weapons Level 1  
  38  5:48  Roach x2  
  39  5:59  Roach x4  
  39  6:00  Roach x4  
  54  6:06  Roach  
  54  6:09  Drone  
  56  6:12  Extractor  
  56  6:16  Overlord  
  56  6:17  Hatchery  
  54  6:19  Overlord  
  54  6:22  Drone x3  
  57  6:28  Roach x2  
  57  6:29  Roach  
  57  6:31  Drone  
  64  6:33  Drone  
  65  6:41  Queen  
  65  6:44  Queen  
  69  6:48  Drone x2  
  69  6:52  Drone, Zergling x4  
  74  7:03  Roach  
  74  7:04  Drone x3  
  79  7:08  Roach  
  79  7:09  Roach  
  69  7:41  Roach x5  
  69  7:43  Lair  
  71  7:49  Zergling x4  
  70  8:09  Drone x5  
  70  8:10  Drone x7  
  81  8:20  Drone  
  82  8:33  Extractor  
  81  8:35  Extractor  
  81  8:36  Overlord x2  
  81  8:37  Drone  
  81  8:46  Hydralisk Den  
  81  8:48  Overlord x3  
  80  9:00  Roach x2  
  80  9:01  Roach x3  
  90  9:07  Drone x4  
  90  9:08  Roach x2  
  90  9:09  Roach  
  100  9:11  Extractor  
  100  9:12  Overlord, Extractor  
  98  9:18  Drone x2  
  98  9:22  Hydralisk x4  
  108  9:29  Drone  
  109  9:31  Roach  
  109  9:32  Hydralisk  
  109  9:34  Zerg Missile Weapons Level 1  
  113  9:41  Evolution Chamber  
  113  9:42  Muscular Augments  
  112  9:50  Hydralisk  
  112  9:51  Hydralisk  
  116  9:54  Drone x5  
  116  9:55  Drone, Overlord x4  
  122  10:08  Overlord x2  
  122  10:16  Hydralisk  
  122  10:17  Hydralisk x3  
  130  10:23  Spore Crawler  
  129  10:31  Zergling x2  
  129  10:32  Zergling x6, Spire  
  129  10:33  Zergling x8  
  129  10:34  Drone  
  137  10:40  Hydralisk x2  
  137  10:42  Drone  
  142  10:47  Zergling x2  
  143  10:52  Drone x2  
  143  10:53  Drone x6  
  143  10:55  Hatchery  
  150  11:00  Queen  
  150  11:03  Drone x2  
  150  11:04  Drone  
  155  11:06  Hydralisk x2  
  155  11:08  Hydralisk  
  161  11:14  Zerg Ground Armor Level 1  
  161  11:22  Zergling x4  
  161  11:23  Drone x3, Infestation Pit  
  166  11:25  Drone  
  166  11:30  Hydralisk  
  166  11:31  Spine Crawler  
  167  11:37  Roach  
  169  11:47  Overlord x5  
  169  11:48  Overlord  
  169  12:24  Mutalisk x3  
  169  12:25  Mutalisk x7  
  169  12:26  Mutalisk x2  
  169  12:27  Mutalisk  
  169  12:28  Zergling x4  
  169  12:29  Zergling x6  
  196  13:03  Hydralisk x3  
  196  13:04  Hydralisk x7, Drone  
  196  13:05  Zergling x6  
  189  13:06  Zergling x10  
  175  13:12  Hydralisk  
  175  13:14  Pneumatized Carapace  
  177  13:24  Hydralisk x4  
  177  13:25  Hydralisk x2  
  177  13:26  Zergling x2  
  190  13:46  Hydralisk x4  
  190  13:47  Hydralisk  
  200  13:53  Hydralisk  
  200  14:15  Hydralisk x8  
  200  14:16  Zergling x2, Hatchery  
  190  14:26  Hydralisk x3  
  190  14:27  Hydralisk x2  
  190  14:41  Hydralisk x2  
  190  14:42  Hydralisk x2  
  190  14:43  Zergling x6  
  199  14:51  Hydralisk x2  
  199  14:52  Zergling x4  
  198  14:59  Extractor  
  197  15:02  Extractor  
Show
View Real Time Build Order
Export as new Build Order

HeLsReCoiL Terran 

Build Orders:  

Get SALT Encoding   

  12  0:02  SCV  
  14  0:14  SCV  
  14  0:20  Supply Depot  
  14  0:26  SCV  
  15  0:42  SCV  
  16  0:45  Barracks  
  16  0:54  Refinery, SCV  
  17  1:06  SCV  
  18  1:18  SCV  
  19  1:30  Refinery  
  19  1:31  SCV  
  20  1:40  Supply Depot  
  20  1:48  Barracks Tech Lab, SCV  
  21  2:00  SCV  
  22  2:07  Factory  
  22  2:14  Orbital Command  
  22  2:23  Reaper  
  23  2:38  Factory  
  23  2:55  Marine  
  24  3:23  Factory Tech Lab  
  24  3:25  Barracks Reactor  
  24  3:28  Factory Reactor  
  24  3:30  Cyclone  
  27  3:34  Command Center  
  27  3:39  Starport  
  27  4:00  Armory  
  27  4:09  Supply Depot  
  27  4:13  Cyclone  
  30  4:31  Hellion x2, Supply Depot  
  34  4:32  Starport Reactor  
  34  4:37  Marine  
  34  4:38  Marine  
  36  4:51  Supply Depot  
  36  4:52  Hellion x2  
  40  4:55  Marine x2  
  39  5:11  Medivac  
  39  5:13  Supply Depot  
  40  5:14  Cyclone  
  41  5:42  Supply Depot  
  36  5:45  SCV  
  40  5:57  Cyclone, SCV  
  40  6:00  Hellion  
  43  6:05  Supply Depot  
  43  6:09  SCV  
  43  6:10  SCV  
  45  6:21  SCV  
  45  6:24  Hellion  
  48  6:28  Hellion  
  48  6:29  Siege Tank  
  48  6:30  SCV  
  54  6:50  Medivac x2  
  58  6:59  SCV x2  
  60  7:04  Cyclone  
  60  7:08  Hellion  
  65  7:11  SCV x2  
  65  7:12  Hellion  
  56  8:16  Thor  
  62  8:21  Cyclone  
  62  8:22  Cyclone  
  62  8:23  Infernal Pre-Igniter  
  68  8:28  Marine  
  68  8:29  Marine  
  70  8:39  Command Center  
  70  8:45  SCV x2  
  70  8:46  Marine x2  
  74  8:57  SCV x2  
  76  9:04  Refinery, Marine x2  
  76  9:06  Thor  
  76  9:08  Hellion  
  86  9:17  Terran Vehicle Weapons Level 1  
  86  9:22  Engineering Bay  
  86  9:29  Refinery  
  86  9:50  Hellion, Marine x2, SCV x2  
  86  9:51  Thor  
  98  9:56  Hellion  
  100  10:02  SCV  
  100  10:06  Supply Depot  
  101  10:24  Terran Infantry Weapons Level 1  
  101  10:28  Hellion, Supply Depot, SCV  
  104  10:29  Missile Turret  
  104  10:49  Missile Turret  
  104  10:52  Supply Depot  
  104  10:59  Thor  
  104  11:01  Hellion x2  
  114  11:11  Terran Vehicle And Ship Armor Level 1  
  114  11:12  Missile Turret  
  114  11:17  SCV x2  
  116  11:23  Hellion x2  
  120  11:29  SCV x2  
  122  11:41  Missile Turret, SCV x2  
  124  12:05  Supply Depot  
  124  12:07  Sensor Tower  
  124  12:26  Thor, Medivac  
  124  12:28  Supply Depot  
  132  12:36  SCV  
  133  12:37  Sensor Tower  
  133  12:49  Medivac, SCV x3  
  138  13:01  Supply Depot, SCV  
  112  13:09  Thor  
  83  13:23  Supply Depot  
  83  13:26  SCV x3  
  86  13:29  Cyclone x2  
  92  13:38  SCV x2  
  94  13:45  Supply Depot  
  94  13:52  Cyclone, Barracks  
  90  14:01  Cyclone x2  
  94  14:24  Cyclone  
  61  14:40  Barracks  
  51  14:47  Marine x3  
  45  15:05  Marine  
Tags
 
Add a new tag
Caveats
  • Supply blocks, unpowered buildings, or Contaminate may cause inaccurate times.
  • Supply counts are checked every 10 seconds.